 Dungeon Crawl Stone Soup version 0.19-a0-1673-g1c1b307 (webtiles) character file.

61 tbh1313 the Slasher (level 3, -5/24 HPs)
             Began as a High Elf Skald on Sept 22, 2016.
             Slain by Terence
             ... wielding a +0 flail
              (7 damage)
             ... on level 2 of the Dungeon.
             The game lasted 00:03:27 (1702 turns).

tbh1313 the Slasher (High Elf Skald)                Turns: 1702, Time: 00:03:27

Health: -5/24      AC:  3    Str: 12    XL:     3   Next: 83%
Magic:  4/7        EV: 11    Int: 16    God:
Gold:   31         SH:  0    Dex: 14    Spells: 1 memorised, 5 levels left

rFire  . . .     SeeInvis .     a - +0 falchion
rCold  . . .     Gourm    .     i - -1 leather armour (curse)
rNeg   . . .     Faith    .     (no shield)
rPois  .         Spirit   .     (no helmet)
rElec  .         Dismiss  .     j - +0 cloak
rCorr  +         Reflect  .     (no gloves)
MR     .....     Harm     .     (no boots)
Stlth  +.........               (no amulet)
                                (no ring)
                                l - ring of resist corrosion

@: very slightly contaminated, invisible
A: no striking features
a: no special abilities


You were on level 2 of the Dungeon.
You were hungry.

You visited 1 branch of the dungeon, and saw 2 of its levels.

You collected 31 gold pieces.

Inventory:

Hand Weapons
 a - a +0 falchion (weapon)
Armour
 b - a +1 leather armour
 i - a cursed -1 leather armour (worn)
 j - a +0 cloak (worn)
Jewellery
 l - a ring of resist corrosion (left hand)
Potions
 e - 2 potions of cure mutation
 k - a potion of haste
Books
 c - a book of Battle

   Spells                             Type                      Level
   a - Infusion                       Charms                       1
   b - Shroud of Golubria             Charms/Translocation         2
   c - Song of Slaying                Charms                       2
   d - Spectral Weapon                Hexes/Charms                 3
   e - Regeneration                   Charms/Necromancy            3
Comestibles
 d - 3 bread rations
 f - 2 chunks of flesh
 g - a beef jerky


   Skills:
 - Level 2.0 Fighting
 + Level 5.1 Long Blades
 - Level 0.8 Armour
 - Level 1.1 Dodging
 - Level 2.4 Spellcasting
 - Level 3.6 Charms


You had 5 spell levels left.
You knew the following spells:

 Your Spells              Type           Power        Failure   Level  Hunger
a - Infusion              Chrm           ##..         8%          1    #......


Dungeon Overview and Level Annotations

Branches:
Dungeon (2/15)

Altars:

Annotations:
D:2 Terence


Message History

You catch the helpless Terence completely off-guard!
You hit Terence.
Terence is heavily wounded.
The goblin closely misses you.
You riposte.
You hit the goblin.
The goblin is severely wounded.
Terence says, "Time to say good-bye..."
Terence closely misses you.
You hit Terence.
Terence is heavily wounded.
The goblin barely misses you.
You closely miss Terence.
Terence is heavily wounded.
You are no longer magically infusing your attacks.
Terence barely misses you. The goblin barely misses you.
You riposte.
You closely miss the goblin.
The goblin is heavily wounded.
You hit Terence but do no damage.
Terence is heavily wounded.
Terence hits you with a flail!
You die...

#.####
#.##..
#.##.#
#.##?#
#.##.#
#.##.#
#.##.###
#....g@#
####.#@#
#.#†#
#.#..
#.....
###..#.
......
#..# ##
#..#


You could see Terence and a goblin.

Vanquished Creatures
  2 adders (D:2)
  2 oozes (D:1)
  2 leopard geckos
  3 bats (D:1)
  A giant cockroach (D:1)
  6 goblins
  4 hobgoblins
  8 kobolds
  2 rats (D:1)
30 creatures vanquished.

Notes
Turn   | Place    | Note
-------+----------+-------------------------------------------
     0 | D:1      | tbh1313 the High Elf Skald began the quest for the Orb.
     0 | D:1      | Reached XP level 1. HP: 14/14 MP: 4/4
    33 | D:1      | Reached skill level 3 in Long Blades
    37 | D:1      | Reached XP level 2. HP: 2/19 MP: 4/6
   537 | D:1      | Reached skill level 4 in Long Blades
   839 | D:1      | Reached XP level 3. HP: 15/24 MP: 7/7
  1511 | D:2      | Reached skill level 5 in Long Blades
  1684 | D:2      | Noticed Terence
  1696 | D:2      | HP: 1/24 [kobold/stone (3)]
  1702 | D:2      | Slain by Terence

Vault maps used:
D:1:      dpeg_arrival_arbitrary_c, minmay_split_cup_large
D:2:      tso_oasis_becter, first_bread, uniq_crazy_yiuf_cottage, uniq_natasha,
          uniq_sigmund, uniq_terence

Skill      XL: |  1  2  3 |
---------------+----------+-----
Long Blades    | 3 4 5 |  5.1
Fighting       | |  2.0
Armour         | |  0.8
Dodging        | |  1.1
Spellcasting   | |  2.4
Charms         | |  3.6

Action                   || total
-------------------------++-------
Melee: Falchion          ||   115
 Cast: Infusion          ||     1
  Use: Scroll            ||     8
       Potion            ||     1
 Stab: Invisible         ||     3
  Eat: Chunk             ||     2
Armor: Leather armour    ||    29
Dodge: Dodged            ||    64
